 Dungeon Crawl Stone Soup version 0.29.1-12-g30fa7ad0bf (webtiles) character file.

Game seed: 1337836212557573113

0 Descartes the Grasshopper (level 1, -1/16 HPs)
             Began as a Formicid Warper on Jan 16, 2023.
             Slain by a ball python (3 damage)
             ... on level 1 of the Dungeon.
             The game lasted 00:00:32 (190 turns).

Descartes the Grasshopper (Formicid Warper)          Turns: 190, Time: 00:00:32

Health: -1/16      AC:  3    Str: 15    XL:     1   Next: 11%
Magic:  3/3        EV: 11    Int: 12    God:
Gold:   16         SH:  0    Dex: 13    Spells: 4/4 levels left

rFire   . . .      SeeInvis +   a - +0 hand axe
rCold   . . .      Faith    .   (no shield)
rNeg    . . .      Spirit   .   b - +0 leather armour
rPois   .          Reflect  .   (helmet unavailable)
rElec   .          Harm     .   (no cloak)
rCorr   .          Rampage  .   (no gloves)
Will    .....                   (no boots)
Stlth   +.........              (no amulet)
HPRegen 0.05/turn               (no ring)
MPRegen 0.08/turn               (no ring)

@: no status effects
A: permanent stasis, dig shafts and tunnels, antennae 3, four strong arms
a: Dig, Shaft Self


You were on level 1 of the Dungeon.
You visited 1 branch of the dungeon, and saw 1 of its levels.

You collected 16 gold pieces.

Inventory:

Hand Weapons
 a - a +0 hand axe (weapon)
Missiles
 c - 7 boomerangs of dispersal (quivered)
 d - 2 silver javelins
Armour
 b - a +0 leather armour (worn)


   Skills:
 + Level 2.2 Fighting
 + Level 2.0 Axes
 - Level 1.0 Throwing
 + Level 1.1 Armour
 - Level 1.7 Dodging
 - Level 2.1 Spellcasting
 + Level 2.7 Translocations


You had 4 spell levels left.
You didn't know any spells.
Your spell library contained the following spells:

 Spells                   Type           Power      Damage    Failure   Level
 Gell's Gravitas          Tloc           7%         N/A       32%         3
 Lesser Beckoning         Tloc           7%         N/A       32%         3
 Teleport Other           Tloc           7%         N/A       32%         3
 Manifold Assault         Tloc           7%         N/A       96%         5
 Blink                    Tloc           Unusable   N/A       N/A         2

Dungeon Overview and Level Annotations

Branches:
Dungeon (1/15)

Altars:


Innate Abilities, Weirdness & Mutations

You cannot be hasted, slowed, berserked, paralysed or teleported.
You can dig through walls and to a lower floor.
You have a pair of large antennae on your head. (SInv)
Your four strong arms can wield two-handed weapons with a shield.


Message History

A ball python comes into view.
A ball python comes into view.
The ball python barely misses you. The ball python grabs you.
The ball python constricts you.
You hit the ball python but do no damage.
The ball python bites you. The ball python constricts you.
The ball python bites you. The ball python constricts you.
You barely miss the ball python.
The ball python bites you but does no damage.
The ball python constricts you.
You hit the ball python but do no damage.
The ball python completely misses you. The ball python constricts you.
The ball python bites you. The ball python constricts you.
You are too injured to fight recklessly!
You are too injured to fight recklessly!
You are too injured to fight recklessly!
You are too injured to fight recklessly!
You are too injured to fight recklessly!
There are monsters nearby!
You escape the ball python's grasp.
The ball python attacks as you move away!
The ball python closely misses you.
The ball python attacks as you move away!
The ball python closely misses you. The ball python misses you.
The ball python bites you. The ball python grabs you.
The ball python constricts you.
You escape the ball python's grasp.
The ball python completely misses you. The ball python grabs you.
The ball python constricts you.
The ball python's grasp on you weakens, but your attempt to escape fails.
The ball python loses its grip on you.
The ball python attacks as you move away!
The ball python bites you.
* * * LOW HITPOINT WARNING * * *
The ball python completely misses you.
The ball python attacks as you move away!
The ball python bites you.
* * * LOW HITPOINT WARNING * * *
The ball python bites you.
You die...

#.# #.# #######.#####
{............#
#######.###.#
##...##.# {
#..S..#.##### { ###
#..S...#....# #
######.###..@..#.###.#
. ........##....##.#
#. ##.....#.#(###S# .
#.###........#.# #.#
.##............#.# #.#
#.#.#.#...............
.#.#.#.#.......#......
#.#.#.#........#####.#
.#.#<#.###....... ...


You could see 2 ball pythons.

Vanquished Creatures
  A frilled lizard (D:1)
1 creature vanquished.

Notes
Turn   | Place    | Note
-------+----------+-------------------------------------------
     0 | D:1      | Descartes the Formicid Warper began the quest for the Orb.
     0 | D:1      | Reached XP level 1. HP: 16/16 MP: 3/3
   190 | D:1      | Slain by a ball python

Illustrated notes

Levels and vault maps discovered:
D:1:      lightli_arrival_chessboard, layout_loops_ring, minmay_octomino_e4

Action                   || total
-------------------------++-------
Melee: Hand axe          ||    13
Armor: Leather armour    ||     3
Dodge: Dodged            ||    11
